 Dungeon Crawl Stone Soup version 0.21.1-1-g345015fe64 (webtiles) character file.

52920 Jannitor the Fighter (level 14, -2/156 HPs)
             Began as an Ogre Transmuter on May 28, 2018.
             Was a Follower of Uskayaw.
             Killed from afar by a starcursed mass (9 damage)
             ... with an accursed screaming
             ... on level 2 of the Abyss.
             The game lasted 00:44:45 (29669 turns).

Jannitor the Fighter (Ogre Transmuter)             Turns: 29669, Time: 00:44:46

Health: -2/156     AC: 10    Str: 14 (15) XL:     14   Next: 66%
Magic:  28/28      EV: 13    Int: 18      God:    Uskayaw [*.....]
Gold:   1357       SH:  4    Dex:  9      Spells: 18/34 levels left

rFire    . . .     SeeInvis .     - Unarmed
rCold    . . .     Gourm    +   (no shield)
rNeg     . . .     Faith    .   L - +0 troll leather armour
rPois    +         Spirit   .   (helmet restricted)
rElec    .         Reflect  .   H - scarf {cloud immunity}
rCorr    .         Harm     .   (gloves unavailable)
MR       +....                  (boots unavailable)
Stlth    +.........             M - amulet of the gourmand
HPRegen  0.00/turn              h - +5 ring of protection
MPRegen  0.21/turn              l - ring of poison resistance

@: hasted, drained, very quick
A: large, unfitting armour, large bone plates 1, [inhibited regeneration], tough
skin 1, weak 1
a: Stomp, Renounce Religion


You were on level 2 of the Abyss.
You worshipped Uskayaw.
Uskayaw was noncommittal.
You were very hungry.

You visited 2 branches of the dungeon, and saw 20 of its levels.
You visited the Abyss 1 time.

You collected 1655 gold pieces.
You spent 298 gold pieces at shops.

Inventory:

Missiles
 a - 437 arrows
Armour
 b - a +1 robe
 r - a +0 shield
 H - a scarf of cloud immunity (worn)
 L - a +0 troll leather armour (worn)
Jewellery
 f - an uncursed ring of resist corrosion
 h - a +5 ring of protection (left hand)
 l - a ring of poison resistance (right hand)
 y - an uncursed ring of flight
 M - an amulet of the gourmand (around neck)
 P - a +3 amulet of reflection
Wands
 p - a wand of enslavement (35)
 t - a wand of flame (12)
 u - a wand of acid (36)
 v - a wand of clouds (4)
 x - a wand of digging (10)
 A - a wand of polymorph (18)
 I - a wand of disintegration (8)
 K - a wand of paralysis (19)
Scrolls
 g - 2 scrolls of fog
 i - 4 scrolls of teleportation
 m - 4 scrolls of identify
 q - 5 scrolls of enchant armour
 C - 2 scrolls of remove curse
 J - a scroll of fear
Potions
 e - 2 potions of curing
 j - 2 potions of mutation
 k - a potion of resistance {unknown}
 n - 3 potions of lignification
 s - 6 potions of flight
 B - 2 potions of might
 D - 2 potions of brilliance
 F - a potion of cancellation {unknown}
Books
 c - a book of Changes

   Spells                             Type                      Level
   a - Beastly Appendage              Transmutation                1
   b - Sticks to Snakes               Transmutation                2
   c - Spider Form                    Transmutation/Poison         3
   d - Ice Form                       Ice/Transmutation            4
   e - Blade Hands                    Transmutation                5
 z - a book of Debilitation

   Spells                             Type                      Level
   a - Corona                         Hexes                        1
   b - Slow                           Hexes                        2
   c - Inner Flame                    Hexes/Fire                   3
   d - Portal Projectile              Hexes/Translocation          3
   e - Cause Fear                     Hexes                        4
   f - Leda's Liquefaction            Hexes/Earth                  4
 E - a book of Clouds

   Spells                             Type                      Level
   a - Poisonous Vapours              Poison/Air                   2
   b - Mephitic Cloud                 Conjuration/Poison/Air       3
   c - Conjure Flame                  Conjuration/Fire             3
   d - Freezing Cloud                 Conjuration/Ice/Air          6
   e - Ring of Flames                 Charms/Fire                  7
 G - Ruetusie's Volume of Shifting Weightlessness
   (You found it on level 5 of the Lair of Beasts)

   Spells                             Type                      Level
   a - Static Discharge               Conjuration/Air              3
   b - Summon Lightning Spire         Summoning/Air                4
   c - Petrify                        Transmutation/Earth          4
   d - Alistair's Intoxication        Transmutation/Poison         5
 N - a book of Air

   Spells                             Type                      Level
   a - Shock                          Conjuration/Air              1
   b - Swiftness                      Charms/Air                   2
   c - Static Discharge               Conjuration/Air              3
   d - Airstrike                      Air                          4
   e - Lightning Bolt                 Conjuration/Air              5
 Q - a book of Misfortune

   Spells                             Type                      Level
   a - Confusing Touch                Hexes                        1
   b - Confuse                        Hexes                        3
   c - Gell's Gravitas                Translocation                3
   d - Petrify                        Transmutation/Earth          4
   e - Metabolic Englaciation         Hexes/Ice                    5
   f - Yara's Violent Unravelling     Hexes/Transmutation          5
Comestibles
 d - 18 rations


   Skills:
 + Level 14.2(14.1) Fighting
 + Level 3.9(3.8) Armour
 + Level 9.1 Dodging
 + Level 10.8(10.7) Unarmed Combat
 + Level 10.8(10.7) Spellcasting
 - Level 10.6(10.5) Transmutations
 - Level 2.1(2.0) Ice Magic
 - Level 3.0(2.9) Poison Magic
 + Level 6.7 Invocations


You had 18 spell levels left.
You knew the following spells:

 Your Spells              Type           Power        Failure   Level  Hunger
a - Beastly Appendage     Tmut           #####.       1%          1    None
b - Sticks to Snakes      Tmut           #####...     1%          2    None
c - Spider Form           Tmut/Pois      ####......   1%          3    None
d - Blade Hands           Tmut           #####.....   3%          5    #####..
e - Ice Form              Ice/Tmut       ####....     7%          4    ##.....
f - Confusing Touch       Hex            #.....       9%          1    None


Dungeon Overview and Level Annotations

Branches:
Dungeon (14/15)            Temple (0/1) D:7            Lair (6/6) D:9
  Swamp (0/4) Lair:2       Spider (0/4) Lair:2        Slime (0/5) Lair:6
    Orc (0/2) D:11         Vaults (0/5) D:13

Altars:
Nemelex Xobeh
Sif Muna
Trog
Uskayaw

Shops:
D:5 *=?[

Annotations:
D:3 1 runed door
D:14 Louise
Lair:2 exclusion: oklob plant


Innate Abilities, Weirdness & Mutations

You are too large for most types of armour.
You have tough skin. (AC +1)
You are partially covered in large bone plates. (SH +4)
You are weak. (Str -2)
[You do not regenerate when monsters are visible.]


Message History

Your extra speed is starting to run out.
The ynoxinul bellows!
Found 19 gold pieces.
Found a chain mail.
You feel yourself slow down.
A starcursed mass comes into view.
A starcursed mass splits.
A starcursed mass splits.
A chorus of shrieks assaults your mind.
* * * LOW HITPOINT WARNING * * *
A starcursed mass splits.
A starcursed mass splits. x2
A deafening chorus of shrieks assaults your mind!
* * * LOW HITPOINT WARNING * * *
You feel better.
A starcursed mass splits.
You feel yourself speed up.
Unknown command.
An orange demon comes into view.
A chorus of shrieks assaults your mind.
You die...

# . # . .#. # .#
#.# .#..# #
###.##...#. #.
#.......#.. ..
##@....... #.
#..#.....# #..#
.#..##.....# ..
#.....#..####....#
#...#..X.# #....
...#....#.#.# . ..
## #..###X####.
...# # #4..#..#X
##...# # 4.#.
#..#3##..[# # ..


You could see 3 starcursed masses and an orange demon.

Vanquished Creatures
  The ghost of Dickchan the Brawler, a journeyman DrTm of the Shining One (Lair:4)
  The ghost of Ykky the Basher, a journeyman VSFi of Makhleb (D:12)
  8 vault guards (D:13)
  2 hydras (Lair:6)
  Erica (D:11)
  A death knight (D:14)
  2 two-headed ogres
  2 centaur warriors
  4 death yaks
  A wretched star (Abyss:2)
  3 unseen horrors
  A deep elf mage (D:13)
  An ugly thing (D:11)
  A manticore (D:12)
  A cyclops (D:12)
  5 black mambas
  A shock serpent zombie (Abyss:2)
  4 spiny frogs
  A gargoyle (D:13)
  A rime drake (Lair:4)
  8 komodo dragons
  A freezing wraith (Abyss:2)
  2 trolls
  2 polar bears (Lair:6)
  5 hornets
  5 slime creatures
  16 blink frogs
  9 hippogriffs
  A shadow (D:11)
  3 flying skulls (Abyss:2)
  Sigmund (D:3)
  A wraith (D:11)
  A ynoxinul (Abyss:2)
  6 spriggans (Lair:6)
  A vampire (D:12)
  5 wyverns
  30 yaks
  4 hungry ghosts
  Eustachio (D:6)
  2 vampire mosquitoes (D:14)
  A chaos spawn (Abyss:2)
  3 basilisks
  Menkaure (D:6)
  A small abomination (Abyss:2)
  10 water moccasins
  Duvessa (D:6)
  7 porcupines
  4 black bears
  7 orc warriors
  2 ice beasts
  2 eyes of draining (D:11)
  4 sky beasts
  A necrophage (D:9)
  A phantom (D:11)
  3 boggarts (Lair:6)
  11 wolves (Lair:6)
  5 ogres
  8 centaurs
  9 crocodiles
  Blork the orc (D:5)
  A big kobold (D:8)
  2 gnoll sergeants (D:7)
  14 bullfrogs
  Dowan (D:6)
  6 scorpions
  9 killer bees
  3 howler monkeys
  20 wights
  7 electric eels
  4 centaur zombies
  5 crimson imps
  8 hounds
  6 jellies
  4 bullfrog zombies
  A gnoll shaman (D:7)
  11 orc priests
  2 bullfrog skeletons
  9 orc wizards
  3 centaur skeletons
  3 iguanas
  4 hell rats (Lair:3)
  7 worker ants
  3 hound zombies
  3 hound skeletons
  A worker ant zombie (D:7)
  9 gnolls
  A howler monkey skeleton (D:7)
  12 adders
  4 shadow imps
  An ooze (D:1)
  An adder zombie (D:5)
  2 worms
  2 dart slugs
  6 leopard geckos
  31 orcs
  3 giant cockroaches
  2 goblins (D:2)
  7 hobgoblins
  7 jackals
  5 quokkas
  7 bats
  4 frilled lizards
  16 kobolds
  A quokka skeleton (D:4)
  A quokka zombie (D:7)
  5 rats
  A rat zombie (D:8)
  A fungus (D:3)
494 creatures vanquished.

Vanquished Creatures (collateral kills)
  A wyvern (D:14)
  A vampire mosquito (D:14)
  The ghost of Lokiki the Skirmisher, a weakling DsMo (D:3)
  An orc priest (D:14)
  Terence (D:2)
  A kobold (D:2)
  A quokka skeleton (D:6)
  2 rats (D:3)
9 creatures vanquished.

Vanquished Creatures (others)
  The ghost of Jannitor the Covert, a journeyman SpBe of Trog (D:13)
  A bullfrog skeleton (D:13)
  A hound (D:13)
  13 fungi
  4 plants (Lair:6)
20 creatures vanquished.

Grand Total: 523 creatures vanquished

Notes
Turn   | Place    | Note
-------+----------+-------------------------------------------
     0 | D:1      | Jannitor the Ogre Transmuter began the quest for the Orb.
     0 | D:1      | Reached XP level 1. HP: 19/19 MP: 3/3
   253 | D:1      | Reached skill level 2 in Fighting
   253 | D:1      | Reached XP level 2. HP: 27/28 MP: 3/5
   651 | D:2      | Noticed Sigmund
   687 | D:2      | Noticed Terence
   792 | D:1      | Learned a level 2 spell: Sticks to Snakes
   813 | D:2      | Killed Terence
   813 | D:2      | Reached XP level 3. HP: 26/36 MP: 1/6
  1102 | D:2      | Learned a level 3 spell: Spider Form
  1144 | D:2      | Reached skill level 3 in Fighting
  1144 | D:2      | Reached XP level 4. HP: 26/45 MP: 5/7
  1543 | D:2      | Found a faded altar of an unknown god.
  1782 | D:2      | Became a worshipper of Uskayaw the Reveler
  1782 | D:2      | Reached * piety under Uskayaw
  1953 | D:3      | Noticed Lokiki's ghost (weakling DsMo)
  2061 | D:4      | Noticed an ogre
  2084 | D:4      | Killed an ogre
  2084 | D:4      | Reached skill level 1 in Poison Magic
  2084 | D:4      | Reached XP level 5. HP: 20/53 MP: 2/8
  2100 | D:4      | Reached ** piety under Uskayaw
  2490 | D:3      | Reached skill level 4 in Fighting
  2537 | D:3      | Killed Lokiki's ghost
  2537 | D:3      | Reached XP level 6. HP: 35/62 MP: 1/9
  2641 | D:3      | Killed Sigmund
  2641 | D:3      | Reached *** piety under Uskayaw
  2894 | D:3      | Reached XP level 7. HP: 67/71 MP: 8/10
  2906 | D:3      | Found a runed door.
  3176 | D:4      | Reached skill level 5 in Fighting
  3450 | D:4      | Found a sparkling altar of Nemelex Xobeh.
  3624 | D:5      | Entered Level 5 of the Dungeon
  3702 | D:5      | Found Acug's Jewellery Boutique.
  3927 | D:5      | Bought an uncursed ring of poison resistance for 280 gold pieces
  4145 | D:5      | Found a bloodstained altar of Trog.
  4217 | D:5      | Found Ycoogarr's Assorted Antiques.
  4225 | D:5      | Bought a metallic emerald potion for 18 gold pieces
  4226 | D:5      | Gained mutation: You are weak. (Str -2) [potion of mutation]
  4226 | D:5      | Gained mutation: You are partially covered in large bone plates. (SH +4) [potion of mutation]
  4241 | D:5      | Noticed Blork the orc
  4251 | D:5      | Killed Blork the orc
  4256 | D:5      | Reached **** piety under Uskayaw
  4279 | D:5      | Found Tumaeps's Magic Scroll Emporium.
  4288 | D:5      | Found Nivic's Armour Shop.
  4609 | D:5      | Reached XP level 8. HP: 73/83 MP: 11/11
  4774 | D:6      | Noticed Eustachio
  4789 | D:6      | Killed Eustachio
  4789 | D:6      | Reached skill level 6 in Fighting
  4789 | D:6      | Reached skill level 5 in Unarmed Combat
  4789 | D:6      | Reached skill level 5 in Transmutations
  4866 | D:6      | Learned a level 5 spell: Blade Hands
  5184 | D:6      | Noticed Menkaure
  5191 | D:6      | Killed Menkaure
  5417 | D:6      | Noticed Dowan
  5418 | D:6      | Noticed Duvessa
  5429 | D:6      | Killed Dowan
  5435 | D:6      | Killed Duvessa
  5435 | D:6      | Reached skill level 7 in Fighting
  5435 | D:6      | Reached skill level 1 in Invocations
  6265 | D:7      | Reached XP level 9. HP: 84/93 MP: 12/12
  6545 | D:7      | Found a staircase to the Ecumenical Temple.
  6957 | D:7      | Reached skill level 8 in Fighting
  7393 | D:7      | Reached ***** piety under Uskayaw
  8449 | D:7      | Reached XP level 10. HP: 27/106 MP: 10/14
  9610 | D:8      | Reached skill level 9 in Fighting
 10450 | D:8      | Learned a level 4 spell: Ice Form
 11872 | D:9      | Found a staircase to the Lair.
 11994 | D:9      | Reached skill level 1 in Ice Magic
 12098 | Lair:1   | Entered Level 1 of the Lair of Beasts
 12100 | Lair:1   | Noticed a spiny frog
 12109 | Lair:1   | Killed a spiny frog
 12147 | Lair:1   | Noticed a black mamba
 12158 | Lair:1   | Killed a black mamba
 12312 | Lair:1   | Noticed a black mamba
 12318 | Lair:1   | Killed a black mamba
 12814 | Lair:1   | Reached XP level 11. HP: 117/117 MP: 12/18
 13130 | Lair:1   | Reached skill level 5 in Spellcasting
 13654 | Lair:1   | Reached skill level 10 in Fighting
 14588 | Lair:2   | Found a hole to the Spider Nest.
 14646 | Lair:2   | Noticed an oklob plant
 15279 | Lair:2   | Found a staircase to the Swamp.
 16317 | Lair:3   | Reached skill level 10 in Transmutations
 16578 | Lair:3   | Reached skill level 5 in Dodging
 17732 | Lair:4   | Reached XP level 12. HP: 123/128 MP: 15/21
 17860 | Lair:4   | Noticed Dickchan's ghost (journeyman DrTm)
 17883 | Lair:4   | Killed Dickchan's ghost
 17883 | Lair:4   | Reached skill level 11 in Fighting
 18706 | Lair:4   | Noticed a death yak
 18706 | Lair:4   | Noticed a death yak
 18723 | Lair:4   | Killed a death yak
 18727 | Lair:4   | Noticed a death yak
 18727 | Lair:4   | Killed a death yak
 18733 | Lair:4   | Reached ****** piety under Uskayaw
 18734 | Lair:4   | Killed a death yak
 20232 | Lair:5   | Identified Ruetusie's Volume of Shifting Weightlessness
 20556 | Lair:5   | Reached skill level 12 in Fighting
 20982 | Lair:6   | Entered Level 6 of the Lair of Beasts
 21166 | Lair:6   | Noticed a death yak
 21167 | Lair:6   | Noticed a death yak
 21168 | Lair:6   | Noticed a death yak
 21168 | Lair:6   | Noticed a death yak
 21169 | Lair:6   | Noticed a death yak
 21500 | Lair:5   | Killed a death yak
 21783 | Lair:6   | Found a staircase to the Slime Pits.
 21801 | Lair:6   | Noticed a seven-headed hydra
 21845 | Lair:6   | Killed a seven-headed hydra
 21845 | Lair:6   | Reached XP level 13. HP: 116/141 MP: 17/25
 22214 | Lair:6   | Paralysed by a hornet for 2 turns
 22630 | Lair:6   | Paralysed by a hornet for 1 turns
 23294 | D:10     | Entered Level 10 of the Dungeon
 23339 | D:10     | Reached skill level 13 in Fighting
 23748 | D:10     | Found a deep blue altar of Sif Muna.
 24812 | D:11     | Reached skill level 10 in Unarmed Combat
 24878 | D:11     | Noticed Erica
 24889 | D:11     | Killed Erica
 24896 | D:11     | Reached skill level 1 in Armour
 25702 | D:11     | Found a staircase to the Orcish Mines.
 26545 | D:12     | Reached skill level 10 in Spellcasting
 26545 | D:12     | Reached skill level 5 in Invocations
 27008 | D:12     | Reached XP level 14. HP: 149/153 MP: 22/28
 27043 | D:12     | Noticed Ykky's ghost (journeyman VSFi)
 27052 | D:12     | Killed Ykky's ghost
 28009 | D:13     | Killed Jannitor's ghost
 28542 | D:13     | Found a gate to the Vaults.
 28571 | D:13     | Reached skill level 14 in Fighting
 29400 | D:14     | Noticed Louise
 29433 | D:14     | Cast into level 2 of the Abyss (Louise)
 29460 | Abyss:2  | Learned a level 1 spell: Confusing Touch
 29490 | Abyss:2  | Found a corrupted altar of Lugonu.
 29590 | Abyss:2  | Noticed a black draconian
 29630 | Abyss:2  | Noticed a tentacled starspawn
 29658 | Abyss:2  | Noticed a starcursed mass
 29662 | Abyss:2  | HP: 2/156 [starcursed mass/accursed screaming (7)]
 29669 | Abyss:2  | Killed from afar by a starcursed mass

Skill      XL: |  1  2  3  4  5  6  7  8  9 10 11 12 13 14 |
---------------+-------------------------------------------+-----
Transmutations | 2 3 4 6 7 9 10 | 10.6
Fighting       | 2 3 4 5 7 8 9 10 12 13 14 | 14.2
Unarmed Combat | 3 4 5 6 7 8 9 10 | 10.8
Poison Magic   | 1 2 3 |  3.0
Invocations    | 1 3 5 6 |  6.7
Dodging        | 2 4 5 7 8 9 |  9.1
Spellcasting   | 3 4 6 8 10 | 10.8
Ice Magic      | 2 |  2.1
Armour         | 2 3 |  3.9

Action                   |  1- 3 |  4- 6 |  7- 9 | 10-12 | 13-15 || total
-------------------------+-------+-------+-------+-------+-------++-------
Melee: Unarmed           |    85 |   115 |   425 |   590 |   545 ||  1760
       Kick              |     4 |     7 |     1 |       |       ||    12
       Headbutt          |     4 |     4 |       |       |       ||     8
       Punch             |       |     1 |     3 |    15 |    21 ||    40
 Cast: Beastly Appendage |    10 |     6 |     1 |     1 |       ||    18
       Sticks to Snakes  |     2 |     7 |     5 |     8 |    11 ||    33
       Spider Form       |       |     5 |    17 |     2 |       ||    24
       Blade Hands       |       |       |     4 |    60 |    51 ||   115
       Ice Form          |       |       |       |     3 |     1 ||     4
Evoke: Wand              |       |       |       |     4 |     6 ||    10
  Use: Potion            |     1 |       |     4 |     1 |    10 ||    16
       Scroll            |       |     5 |     5 |     9 |     9 ||    28
 Stab: Paralysed         |       |     1 |    22 |    24 |    33 ||    80
       Sleeping          |       |       |     1 |       |       ||     1
       Distracted        |       |       |       |     1 |     1 ||     2
       Confused          |       |       |       |       |     1 ||     1
  Eat: Chunk             |       |     5 |    17 |    27 |    28 ||    77
       Ration            |       |     1 |     1 |    11 |     5 ||    18
Armor: Robe              |    33 |    25 |    61 |    71 |    13 ||   203
       Skin              |       |     2 |     7 |     6 |     2 ||    17
       Troll leather arm |       |       |       |       |    87 ||    87
Dodge: Dodged            |    65 |    63 |   266 |   276 |   289 ||   959
Block: Other             |       |       |    23 |    71 |    62 ||   156
